 Dungeon Crawl Stone Soup version 0.16-a0-3202-g5da3999 (webtiles) character file.

9634623 Johnny the Human Arbalest (level 27, 225/225 (244) HPs)
             Began as a Human Hunter on Dec 17, 2014.
             Was the Champion of Okawaru.
             Escaped with the Orb
             ... and 15 runes on Dec 18, 2014!
             The game lasted 15:34:16 (177900 turns).

Johnny the Human Arbalest (Human Hunter)          Turns: 177900, Time: 15:34:16

HP:   225/225 (244) AC: 43    Str: 17 (19) XL:     27
MP:   37/37         EV: 46    Int: 12 (13) God:    Okawaru [******]
Gold: 14210         SH:  0    Dex: 30 (31) Spells: 12 memorised, 5 levels left

rFire  + + +     SeeInvis +     c - +15 heavy crossbow "Sniper" {velocity, SInv}
rCold  + + .     Clarity  .     L - +8 fire dragon armour
rNeg   . . .     SustAb   .     (no shield)
rPois  +         Gourm    .     J - +5 helmet of Pride {rF++ rC+ Stlth+}
rElec  +         Spirit   .     k - +2 cloak {MR+}
rCorr  +         Warding  .     N - +2 pair of gloves {Dex+3}
rMut   +         Stasis   .     e - +2 pair of boots of the Garden {rF++ MR++ rCorr Stlth---}
MR     +++++                    b - amulet of resist mutation
Stlth  ..........               o - ring "Boarph" {+Rage rElec rC+ SInv}
                                v - ring of Shaolin {EV+8}

@: mighty, agile, resistant, flying, very slightly contaminated, almost entirely
resistant to hostile enchantments, extremely unstealthy
A: rough black scales 1, deformed body, low mp 1, wild magic 1, MP-powered wands
1
a: Heroism, Finesse, Renounce Religion, Evoke Berserk Rage
0: Orb of Zot
}: 15/15 runes: decaying, serpentine, slimy, silver, golden, iron, obsidian,
icy, bone, abyssal, demonic, glowing, magical, fiery, dark


You escaped.
You worshipped Okawaru.
Okawaru was exalted by your worship.
You were not hungry.

You visited 17 branches of the dungeon, and saw 96 of its levels.
You visited Pandemonium 1 time, and saw 10 of its levels.
You visited the Abyss 5 times.
You visited 1 ziggurat, and saw 8 of its levels.
You also visited: Labyrinth, Sewer, Bailey, Ice Cave, Volcano and Wizlab.

You collected 19613 gold pieces.
You spent 5403 gold pieces at shops.

Inventory:

Hand weapons
 c - the +15 heavy crossbow "Sniper" (weapon) {velocity, SInv}
   (Okawaru gifted it to you on level 5 of the Realm of Zot)

   Any bolt fired from it inflicts extra damage.
   It enhances your eyesight.
 i - a +4 triple crossbow of freezing
 y - the +5 triple sword "Prib Huokhli" {speed, rC+ Int+3 Stlth+}
   (Okawaru gifted it to you on level 5 of the Depths)

   Attacks with this weapon are significantly faster.
   It affects your intelligence (+3).
   It protects you from cold.
   It makes you more stealthy.
 O - a +9 triple crossbow of velocity
Missiles
 q - 40 bolts
 A - 10 silver bolts (quivered)
 E - 3 poisoned bolts
 K - 18 bolts of frost
 W - 3 steel bolts
Armour
 d - a +2 pair of boots of running
 e - the +2 pair of boots of the Garden (worn) {rF++ MR++ rCorr Stlth---}
   (Okawaru gifted it to you in Pandemonium)

   It greatly protects you from fire.
   It affects your resistance to hostile enchantments.
   It protects you from acid and corrosion.
   It makes you much less stealthy.
 k - a +2 cloak of magic resistance (worn)
 J - the +5 helmet of Pride (worn) {rF++ rC+ Stlth+}
   (Okawaru gifted it to you on level 2 of the Abyss)

   It greatly protects you from fire.
   It protects you from cold.
   It makes you more stealthy.
 L - a +8 fire dragon armour (worn)
 N - a +2 pair of gloves of dexterity (worn)
 Y - the cursed -2 scale mail of Wihey {Int-3, unknown}
   (You found it on level 3 of the Abyss)

   It affects your intelligence (-3).
   It has a curse placed upon it.
Jewellery
 b - an amulet of resist mutation (around neck)
 o - the ring "Boarph" (right hand) {+Rage rElec rC+ SInv}
   (You bought it in a shop on level 4 of the Orcish Mines)

   [ring of protection from cold]

   It protects you from cold.
   It insulates you from electricity.
   It enhances your eyesight.
   It lets you go berserk.
 v - the ring of Shaolin (left hand) {EV+8}
   (You found it on level 3 of the Crypt)

   [ring of evasion]

   It affects your evasion (+8).
Magical devices
 l - a wand of invisibility (1)
 n - a wand of teleportation (1)
 R - a wand of digging (4)
Scrolls
 g - 3 scrolls of silence
 p - 29 scrolls of remove curse
 s - a scroll of amnesia
 F - a scroll of holy word
 H - a scroll of summoning
 P - 2 scrolls of blinking
Potions
 h - 3 potions of curing
 m - 6 potions of might
 r - 4 potions of agility
 u - a potion of resistance
 x - 2 potions of flight
Miscellaneous
 a - a stone of tremors
 f - a stone of tremors
 j - a fan of gales
 t - a lamp of fire
 z - a fan of gales
 C - a fan of gales
 D - a phial of floods (inert, charging)
 I - a lamp of fire
 M - a crystal ball of energy
 S - a fan of gales
 T - a fan of gales
 U - a sack of spiders {used: 6}
 V - a fan of gales
 Z - a phial of floods
Comestibles
 w - 8 meat rations


   Skills:
 * Level 25.8 Fighting
 - Level 18.0 Long Blades
 O Level 27 Crossbows
 - Level 23.0 Armour
 - Level 24.1 Dodging
 - Level 1.0 Stealth
 - Level 14.1 Spellcasting
 - Level 19.1 Charms
 O Level 27 Necromancy
 - Level 10.6 Translocations
 O Level 27 Transmutations
 - Level 4.6 Invocations
 - Level 18.5 Evocations


You had 5 spell levels left.
You knew the following spells:

 Your Spells              Type           Power        Failure   Level  Hunger
a - Apportation           Tloc           ######....   1%          1    None
b - Corona                Hex            ##.....      22%         1    None
c - Borgnjor's Revivific  Necr           #######...   7%          8    #######
d - Haste                 Chrm           ######..     3%          6    ######.
e - Phase Shift           Tloc           ######....   11%         5    #####..
f - Sublimation of Blood  Necr           #######...   1%          2    None
g - Regeneration          Chrm/Necr      #######...   1%          3    None
h - Blink                 Tloc           N/A          1%          2    None
i - Dispel Undead         Necr           #######.     1%          5    #####..
j - Necromutation         Trmt/Necr      #######...   7%          8    #######
k - Flight                Chrm/Air       #####.....   3%          3    None
l - Agony                 Necr           #######.     1%          5    #####..


Dungeon Overview and Level Annotations

Branches:
Dungeon (15/15)            Temple (0/1) D:4            Lair (8/8) D:10
  Swamp (5/5) Lair:5        Snake (5/5) Lair:3        Slime (6/6) Lair:7
    Orc (4/4) D:9             Elf (3/3) Orc:3        Vaults (5/5) D:14
  Crypt (3/3) Vaults:3       Tomb (3/3) Crypt:3      Depths (5/5) D:15
   Hell (1/1)                 Dis (7/7) Hell            Geh (7/7) Hell
    Coc (7/7) Hell            Tar (7/7) Hell            Zot (5/5) Depths:5

Altars:
Ashenzari
Cheibriados
Elyvilon
Fedhas
Kikubaaqudgha
Makhleb
Okawaru
Sif Muna
Trog
Xom
Yredelemnul
The Shining One
Beogh
Jiyva

Shops:
D:4 [   Orc:4 ([*=   Elf:1 *   Vaults:1 ?   Vaults:2 %   Depths:1 :

Portals:
Hell: Depths:1 Depths:2 Depths:3 Depths:4 Depths:5
Abyss: Depths:4
Pandemonium: Depths:3 Depths:5

Annotations:
D:4 braks' ghost, average DrIE
Elf:2 runed door


Innate Abilities, Weirdness & Mutations

You are partially covered in rough black scales (AC +4, Dex -1).
Armour fits poorly on your strangely shaped body.
Your magical capacity is low (-10% MP).
Your spells are a little harder to cast, but a little more powerful.
You expend magic power (6 MP) to slightly strengthen your wands.


Message History

You feel yourself come back to life.
Drink which item? (? for menu, Esc to quit)
You feel very mighty all of a sudden.
Drink which item? (? for menu, Esc to quit)
You feel agile all of a sudden.
Read which item? (? for menu, Esc to quit)
None of your equipped items are cursed.
Drink which item? (? for menu, Esc to quit)
You feel protected.
Drink which item? (? for menu, Esc to quit)
You feel very buoyant.
You fly up into the air.
Evoke which item? (* to show all) (? for menu, Esc to quit)
Aim the phial where?
Press: ? - help, Shift-Dir - straight line The wave splashes down.
The water rises up and takes form.
You swap places.
There is a staircase leading out of the dungeon here.
You can't go down here!
You have escaped!

..÷...##.## #...>#
......##..# ###'#..#####
......###.## #..##......#
...##.# #..#
###'#+#.####.#
...##.####)#####
#..##..)# #.#
...#...........#
###'#+#'#.# #.#
####.....##.##.#
#≈≈##..##.# #.#
#.....##.##.###'#+#'#'#.#
#.#
########..#.#@EE#..##...#
#.# ##.#.###'#'#+#'#.#
#.# #.#.# #≈≈##..##.# #.#
#### #.#.# ###'#+#'#.#
#.. ...# #.#.# #.(##...#
### .##### #...#
###'#'#.# # .....# ##..#
#..##.# # .....# #..#
###'#.# # .....# ##.>###
#...######


You could see 2 friendly water elementals.

Vanquished Creatures
  Antaeus (Coc:7)
  Asmodeus (Geh:7)
  Cerebov (Pan)
  the royal jelly (Slime:6)
  the Serpent of Hell (Geh:7)
  Ereshkigal (Tar:7)
  Gloorx Vloq (Pan)
  A seraph (Pan)
  Mnoleg (Pan)
  Dispater (Dis:7)
  Lom Lobon (Pan)
  Khufu (Tomb:3)
  5 orbs of fire
  7 ancient liches
  33 greater mummies
  Boris (Crypt:2)
  4 shard shrikes
  2 curse toes
  A Killer Klown (Pan)
  Geryon (Hell)
  8 golden dragons
  A profane servitor (Abyss:2)
  The ghost of Johnny the Sharpshooter, a mighty HuHu of Okawaru (Vaults:4)
  11 bone dragons
  2 pearl dragons (Pan)
  4 electric golems
  27 Brimstone Fiends
  Nikola (Snake:2)
  A Hellbinder (WizLab)
  24 tentacled monstrosities
  4 pandemonium lords
  13 Hell Sentinels
  12 Ice Fiends
  16 liches
  22 Orb Guardians
  6 deep elf blademasters
  Asterion (Snake:2)
  27 Shadow Fiends
  3 deep elf master archers
  8 quicksilver dragons
  6 titans
  Murray (Hell)
  21 acid blobs
  20 sphinxes
  40 tentacled starspawn
  2 octopode crushers
  26 Executioners
  Rupert (Lair:5)
  Agnes (Swamp:5)
  3 warmongers (Pan)
  14 ancient champions
  2 thorn hunters
  16 shadow dragons
  Kirke (Snake:3)
  7 revenants
  Frances (Swamp:5)
  6 draconian monks
  16 storm dragons
  17 daevas (Pan)
  15 tengu reavers
  A ghost moth (shapeshifter) (Depths:3)
  14 azure jellies
  An orc warlord (Orc:2)
  Donald (Snake:2)
  Wiglaf (Swamp:5)
  24 vault wardens
  14 fire giants
  15 frost giants
  7 iron dragons
  11 greater nagas
  2 ghost moths
  5 draconian scorchers
  6 draconian knights
  Aizul (Snake:4)
  11 deep elf sorcerers
  35 balrugs
  4 curse skulls
  5 emperor scorpions
  5 draconian zealots
  23 very ugly things
  27 cacodemons
  9 ghouls
  34 angels
  Jorgrun (Snake:3)
  29 stone giants
  2 spriggan defenders
  5 draconian annihilators
  87 reapers
  A draconian caller (Zot:2)
  6 draconian shifters
  18 ophanim (Pan)
  16 war gargoyles
  14 grey draconians
  8 salamander firebrands
  30 apis (Pan)
  10 vampire knights
  4 elemental wellsprings
  112 large abominations
  12 lorocyprocas
  11 black draconians
  9 deep elf annihilators
  8 deep elf demonologists
  A blood saint (Pan)
  4 green draconians
  Azrael (Snake:1)
  4 dire elephants
  4 bennus
  9 mottled draconians
  5 red draconians
  3 chaos champions (Pan)
  A black sun (Pan)
  6 purple draconians
  9 yellow draconians
  3 white draconians
  12 pale draconians
  6 eidola
  7 unborn
  A merfolk javelineer (Depths:1)
  29 mummy priests
  A minotaur (Lab)
  21 blizzard demons
  11 ettins
  44 vault guards
  3 merfolk impalers (Depths:3)
  10 quicksilver dragon zombies
  24 green deaths
  6 jiangshi
  18 fire dragons
  16 deep elf death magi
  30 yaktaur captains
  8 death oozes (Slime:6)
  25 rakshasas
  A hydra (shapeshifter) (Vaults:5)
  Fannar (D:12)
  24 great orbs of eyes
  6 deep elf high priests
  19 hydras
  14 naga warriors
  8 death cobs
  98 starcursed masses
  5 quicksilver dragon skeletons
  25 ironheart preservers
  8 alligators
  The ghost of trelanon the Frost Mage, a powerful GrIE of Sif Muna (IceCv)
  4 ghost crabs
  9 monstrous demonspawn (Pan)
  Nessos (Elf:2)
  21 anacondas
  29 ice dragons
  4 spriggan air magi (Depths:2)
  6 hell beasts
  Erica (D:15)
  15 deep troll shamans
  30 ogre magi
  34 death yaks
  8 deep troll earth magi
  An anaconda (shapeshifter) (Depths:3)
  20 dancing weapons
  12 centaur warriors
  A tengu warrior (Depths:2)
  8 shock serpents
  2 death knights
  4 vampire magi
  The ghost of Johnny the Quickloader, an experienced HuHu (D:8)
  12 spriggan berserkers
  58 thrashing horrors
  10 naga sharpshooters
  3 orc high priests
  12 titan zombies
  54 sun demons
  26 hell hogs
  15 iron golems
  10 storm dragon zombies
  59 soul eaters
  6 iron trolls
  51 ice devils
  25 wretched stars
  92 hell knights
  30 deep elf knights
  2 fire crabs (Vaults:3)
  131 skeletal warriors
  9 storm dragon skeletons
  5 titan skeletons
  8 wizards
  3 catoblepae (Lair:8)
  4 salamander mystics
  10 spatial maelstroms
  69 death scarabs
  3 golden dragon zombies
  7 infernal demonspawn (Pan)
  24 deep trolls
  20 unseen horrors
  6 ghost moth zombies
  7 ball lightnings (Pan)
  14 cherubim (Pan)
  26 shadow wraiths
  14 torturous demonspawn (Pan)
  A death drake (Abyss:1)
  9 anaconda zombies
  20 flayed ghosts
  22 shadow demons
  10 putrid demonspawn (Pan)
  4 spriggan druids
  9 swamp dragons
  16 orc knights
  A lindwurm (Lair:5)
  2 ice statues (Hell)
  2 shambling mangroves
  An anubis guard (shapeshifter) (Depths:3)
  3 obsidian statues
  9 naga ritualists
  7 gelid demonspawn (Pan)
  15 giant orange brains
  2 tengu zombies
  14 harpies
  6 hill giants
  18 deep elf summoners
  A giant orange brain (shapeshifter) (Depths:1)
  27 ironbrand convokers
  6 shadow dragon zombies
  5 golden dragon skeletons
  8 anaconda skeletons
  2 harpies (shapeshifter)
  A sphinx zombie (Depths:4)
  7 griffons
  22 necromancers
  6 wolf spider zombies
  19 deep elf conjurers
  8 red wasps
  2 tengu skeletons
  12 anubis guards
  7 iron dragon zombies
  2 oklob plants (Zot:3)
  7 orc sorcerers
  15 stone giant zombies
  3 wolf spiders
  12 fire giant zombies
  7 shining eyes
  4 frost giant zombies
  71 ugly things
  An orb spider (shapeshifter) (Vaults:2)
  3 death scarab zombies (Tomb:3)
  An orb spider (Abyss:1)
  A salamander (shapeshifter) (D:15)
  47 sixfirhies
  6 cyclopes
  2 shining eyes (shapeshifter)
  29 phantasmal warriors
  A water nymph (Abyss:1)
  11 shadow dragon skeletons
  8 manticores
  16 salamanders
  An octopode (shapeshifter) (D:15)
  2 guardian serpents (shapeshifter)
  24 moths of wrath
  68 rust devils
  6 dire elephant zombies
  13 mana vipers
  17 elephants
  6 stone giant skeletons
  25 worldbinders
  6 iron dragon skeletons
  7 fire giant skeletons
  72 smoke demons
  5 eyes of devastation
  4 shock serpent zombies
  3 frost giant skeletons
  21 molten gargoyles
  43 black mambas
  14 guardian serpents
  5 gargoyles
  10 apocalypse crabs
  A storm dragon simulacrum (Tomb:1)
  A titan simulacrum (Depths:4)
  16 vault sentinels
  A spectral elf (Zig:4)
  23 naga magi
  2 orange crystal statues
  18 spiny frogs
  2 torpor snails (Depths:5)
  3 emperor scorpion zombies
  2 dire elephant skeletons
  22 efreet
  A ghost moth simulacrum (Tar:7)
  A komodo dragon (shapeshifter) (Vaults:1)
  76 orange demons
  A shock serpent skeleton (Crypt:1)
  43 hellions
  5 anaconda simulacra
  A yellow draconian zombie (Dis:5)
  2 black draconian zombies
  2 fire drakes
  23 ancient zymes
  39 hellwings
  5 kobold demonologists
  5 tengu conjurers
  10 demonic crawlers
  53 yaktaurs
  47 tormentors
  7 komodo dragons
  3 silent spectres
  44 freezing wraiths
  16 deep elf priests
  55 red devils
  4 burning bushes (Zot:3)
  79 small abominations
  4 jumping spiders
  A yellow draconian skeleton (Crypt:2)
  3 harpy zombies
  A sphinx simulacrum (Depths:1)
  3 wandering mushrooms
  An iron troll skeleton (Crypt:2)
  2 fire drakes (shapeshifter)
  43 guardian mummies
  3 catoblepas zombies
  34 blue devils
  A raven (shapeshifter) (Vaults:5)
  13 air elementals
  57 two-headed ogres
  6 harpy skeletons
  12 hydra zombies
  9 baby alligators
  A polar bear (Depths:5)
  9 giant leeches
  13 boulder beetles
  16 ravens
  A troll (shapeshifter) (Elf:3)
  9 bog bodies
  2 fire vortices (Pan)
  A red wasp zombie (D:15)
  9 hydra skeletons
  143 slime creatures
  4 basilisks
  7 fire dragon zombies
  72 raiju
  A minotaur skeleton (Lab)
  A spriggan zombie (Depths:1)
  27 blink frogs
  3 ettin zombies
  2 catoblepas skeletons
  A basilisk (shapeshifter) (Vaults:2)
  A slime creature (shapeshifter) (Vaults:5)
  3 trapdoor spiders
  A raiju (shapeshifter) (Abyss:3)
  5 ice dragon zombies
  2 iron dragon simulacra
  12 ushabtiu
  3 fire giant simulacra
  6 trolls
  A blink frog (shapeshifter) (Vaults:2)
  3 fire dragon skeletons
  A wolf spider simulacrum (Abyss:3)
  2 black mamba zombies
  A trapdoor spider (shapeshifter) (Vaults:1)
  4 alligator zombies
  21 water elementals
  2 ettin skeletons
  71 yaks
  124 flying skulls
  53 ynoxinuls
  6 alligator skeletons
  27 deep elf magi
  9 ice dragon skeletons
  2 wyverns
  A hill giant zombie (Crypt:1)
  4 hippogriffs
  3 tarantellas
  25 chaos spawn
  22 fire elementals
  19 redbacks
  3 spriggans
  14 vampires
  A wyvern (shapeshifter) (Vaults:1)
  4 hogs (Snake:3)
  59 shadows
  23 vampire mosquitoes
  Eustachio (Orc:2)
  2 fire bats
  A yak (shapeshifter) (D:15)
  32 deep elf fighters
  3 dire elephant simulacra
  A hog (shapeshifter) (Vaults:4)
  67 nagas
  16 spatial vortices
  A redback simulacrum (Vaults:2)
  A golden eye (shapeshifter) (Depths:4)
  50 neqoxecs
  A human (D:7)
  30 wraiths
  14 hungry ghosts
  5 golden eyes
  12 wolves
  2 ogre zombies
  13 human zombies
  2 iron troll simulacra (IceCv)
  A spectral spiny frog (Tomb:3)
  6 wargs
  40 insubstantial wisps
  33 swamp worms
  50 water moccasins
  A deep troll zombie (Depths:1)
  4 mottled dragons (Vaults:1)
  13 spiny frog zombies
  2 hydra simulacra (IceCv)
  4 ogre skeletons
  2 merfolk skeletons
  2 merfolk zombies
  8 porcupines
  5 harpy simulacra
  A putrid demonspawn skeleton (Geh:7)
  61 orc warriors
  5 spiny frog skeletons
  A monstrous demonspawn skeleton (Crypt:2)
  87 hell hounds
  18 ice beasts
  4 black bears
  4 manticore zombies
  3 sky beasts
  A black mamba simulacrum (Abyss:3)
  11 swamp drakes
  8 lost souls
  2 yellow wasps
  An ice beast (shapeshifter) (Vaults:3)
  7 snapping turtle zombies
  7 boggarts
  An ettin simulacrum (IceCv)
  102 ogres
  26 necrophages
  10 eyes of draining
  22 centaurs
  2 manticore skeletons
  11 phantoms
  3 swamp dragon skeletons
  10 crocodiles
  Sigmund (D:4)
  3 snapping turtle skeletons
  2 boring beetles
  A big kobold (Vaults:3)
  A boring beetle (shapeshifter) (Abyss:3)
  A brain worm (Abyss:3)
  2 yaktaur zombies (Depths:1)
  An elf zombie (Dis:3)
  Blork the orc (D:9)
  19 giant frogs
  7 earth elementals
  A hell hound zombie (Hell)
  A wyvern zombie (D:14)
  3 elf skeletons
  2 wyvern skeletons
  4 oklob saplings (Zot:3)
  A spiny frog simulacrum (Coc:1)
  7 scorpions
  2 snapping turtle simulacra
  17 killer bees
  2 raiju zombies (Abyss:2)
  An orc simulacrum (Vaults:1)
  38 jellies
  A yak zombie (Crypt:2)
  2 troll skeletons
  A swamp dragon simulacrum (IceCv)
  91 wights
  12 quasits
  2 electric eels
  2 giant frog zombies
  4 goliath beetles
  A jelly (shapeshifter) (Vaults:2)
  A basilisk zombie (Crypt:2)
  67 iron imps
  4 centaur skeletons
  24 crimson imps
  A draconian simulacrum (IceCv)
  7 centaur zombies
  29 orc priests
  2 giant frog skeletons
  3 human skeletons
  8 worker ants
  A formicid zombie (Crypt:1)
  13 hounds
  A gnoll shaman (D:7)
  8 iguanas
  2 two-headed ogre skeletons (Depths:3)
  A merfolk avatar (Sewer)
  2 spriggan simulacra (IceCv)
  A siren (Sewer)
  23 hell rats
  41 orc wizards
  3 lightning spires (Zot:3)
  2 wolf simulacra (IceCv)
  11 sheep
  A big kobold zombie (Crypt:2)
  Jessica (D:2)
  A naga zombie (Tar:7)
  5 centaur simulacra (IceCv)
  53 mummies
  2 hound skeletons
  An ogre simulacrum (IceCv)
  34 adders
  10 gnolls
  2 hell rat skeletons (Hell)
  2 naga simulacra (IceCv)
  77 river rats
  24 shadow imps
  25 white imps
  5 giant mites
  A giant mite (shapeshifter) (Vaults:3)
  2 worms (D:3)
  A giant eyeball (Pan)
  57 ufetubi
  An adder skeleton (Crypt:2)
  7 giant geckos
  3 oozes
  263 orcs
  3 giant cockroaches
  28 goblins
  24 hobgoblins
  5 jackals
  20 kobolds
  2 ball pythons (Sewer)
  16 bats
  A giant cockroach zombie (Crypt:1)
  A giant gecko (shapeshifter) (D:15)
  7 giant newts
  2 giant spores
  A jackal skeleton (D:7)
  A kobold zombie (Dis:3)
  5 lurking horrors
  An orc zombie (Orc:1)
  13 quokkas
  A quokka zombie (D:5)
  41 rats
  8 ballistomycetes
  A butterfly (Pan)
  7 crawling corpses
  11 fungi
  A grand avatar (Pan)
  2 plants
  50 starspawn tentacles
  A starspawn tentacle segment (Abyss:4)
7403 creatures vanquished.

Vanquished Creatures (collateral kills)
  Sojobo (Tomb:2)
  A bone dragon (Tar:4)
  A Brimstone Fiend (Dis:6)
  3 Ice Fiends
  A titan (Vaults:5)
  A shadow dragon (Vaults:5)
  2 tengu reavers (Vaults:5)
  A cacodemon (Dis:7)
  A balrug (Dis:7)
  13 reapers
  2 bennus
  5 war gargoyles
  A deep elf death mage (Vaults:5)
  A blizzard demon (Coc:7)
  A deep elf high priest (Vaults:5)
  A spriggan air mage (Depths:5)
  A hydra (Lair:1)
  2 dancing weapons
  A fire crab (shapeshifter) (Vaults:5)
  An ice devil (Coc:7)
  An anaconda zombie (Dis:7)
  21 skeletal warriors
  8 death scarabs
  5 hell knights
  A wolf spider zombie (Tar:7)
  4 necromancers
  A deep elf conjurer (Vaults:5)
  A mana viper (Tomb:1)
  An iron dragon zombie (Geh:7)
  2 fire giant zombies (Geh:7)
  A stone giant zombie (Dis:4)
  A worldbinder (Dis:7)
  2 frost giant zombies
  A smoke demon (Tomb:2)
  A dire elephant zombie (Tar:5)
  2 water elementals
  3 rust devils
  3 tormentors (Dis:7)
  A yaktaur (Abyss:3)
  A freezing wraith (Tar:4)
  2 hydra zombies
  A jumping spider (Vaults:5)
  4 air elementals
  2 ettin zombies (Geh:7)
  A flying skull (Dis:2)
  4 trapdoor spiders (Vaults:5)
  2 large abominations
  2 redbacks
  A ynoxinul (Zig:6)
  A shadow (Geh:7)
  A black mamba zombie (Tomb:3)
  A neqoxec (Zig:6)
  3 human zombies (Dis:7)
  A spiny frog zombie (Coc:7)
  3 hell hounds (Dis:1)
  A necrophage (Tar:5)
  A manticore zombie (Dis:7)
  2 manticore skeletons
  7 wights
  An orc priest (Orc:4)
  2 iron imps (Dis:7)
  An orc wizard (Orc:4)
  2 mummies
  A hell rat skeleton (Hell)
  A shadow imp (Zig:6)
  An orc (Orc:4)
151 creatures vanquished.

Vanquished Creatures (others)
  the royal jelly (Slime:6)
  An ancient lich (Tomb:3)
  A golden dragon (Zot:5)
  A pandemonium lord (Pan)
  An Ice Fiend (Pan)
  A tentacled monstrosity (Vaults:5)
  9 eldritch tentacles
  A shadow dragon (Zot:5)
  A tengu reaver (Vaults:4)
  A fire giant (Depths:2)
  A draconian monk (Zot:5)
  A draconian scorcher (Zot:5)
  2 draconian knights
  2 draconian annihilators (Zot:5)
  A reaper (Geh:7)
  A draconian shifter (Zot:5)
  2 bennus (Tomb:2)
  An elemental wellspring (Coc:7)
  A purple draconian (Zot:5)
  2 pale draconians (Zot:5)
  A blizzard demon (WizLab)
  2 green deaths (Pan)
  A yaktaur captain (Vaults:5)
  An ice dragon (Zot:5)
  A naga warrior (Zig:3)
  An ogre mage (Vaults:5)
  2 hell hogs
  A hell knight (Depths:3)
  A titan skeleton (Tomb:2)
  A flayed ghost (Vaults:5)
  2 ball lightnings (Pan)
  A skeletal warrior (Tomb:2)
  16 death scarabs
  A deep troll (Depths:3)
  An orb spider (Geh:7)
  A stone giant zombie (Tomb:2)
  2 moths of wrath (Zot:5)
  2 necromancers (Hell)
  A faun (shapeshifter) (Vaults:5)
  A worldbinder (Abyss:4)
  A dire elephant zombie (Tomb:2)
  55 water elementals
  59 air elementals
  A smoke demon (Pan)
  A guardian mummy (Tomb:2)
  A tormentor (Dis:7)
  A red devil (Geh:7)
  14 jumping spiders
  51 fire elementals
  A giant leech (Zig:4)
  2 ushabtiu
  2 two-headed ogres
  17 trapdoor spiders
  4 flying skulls
  3 yaks (Lair:5)
  A fire dragon skeleton (Tomb:3)
  A wraith (Dis:7)
  17 redbacks
  3 tarantellas
  An ice dragon skeleton (Geh:7)
  A vampire mosquito (Vaults:2)
  A shadow (Geh:4)
  A chaos spawn (Abyss:3)
  A deep elf fighter (Elf:2)
  A human (Snake:3)
  2 large abominations (Abyss:3)
  A merfolk zombie (Dis:4)
  A human skeleton (Hell)
  2 spiders
  A swamp drake (Abyss:3)
  A yellow wasp (Swamp:3)
  A water moccasin (Swamp:5)
  2 hell hounds
  An eye of draining (Abyss:3)
  A phantom (Abyss:1)
  7 lost souls
  8 earth elementals
  4 ogres
  2 small abominations (Abyss:3)
  6 wights
  A hell rat (Hell)
  4 drowned souls (Sewer)
  5 mummies
  4 river rats (Lair:5)
  A shadow imp (Tar:7)
  5 ufetubi
  A white imp (Coc:7)
  An orc zombie (Orc:3)
  4 orcs
  3 lurking horrors (Abyss:3)
  2 ballistomycetes (Abyss:3)
  A bush (Lair:8)
  A crawling corpse (Depths:5)
  883 eldritch tentacle segments
  6 fungi
  44 plants
  101 starspawn tentacles
  1538 starspawn tentacle segments
2958 creatures vanquished.

Grand Total: 10512 creatures vanquished

Notes
Turn   | Place    | Note
--------------------------------------------------------------
     0 | D:1      | Johnny, the Human Hunter, began the quest for the Orb.
     0 | D:1      | Reached XP level 1. HP: 16/16 MP: 1/1
   208 | D:1      | Reached XP level 2. HP: 22/22 MP: 2/2
   543 | D:2      | Reached XP level 3. HP: 27/27 MP: 3/3
   723 | D:2      | Noticed Jessica
   726 | D:2      | Reached skill level 5 in Crossbows
   734 | D:2      | Killed Jessica
   734 | D:2      | Reached XP level 4. HP: 33/33 MP: 4/4
   961 | D:2      | Found a shimmering altar of Xom.
   965 | D:2      | Found a white marble altar of Elyvilon.
  1589 | D:3      | Reached XP level 5. HP: 35/38 MP: 5/5
  1607 | D:3      | Found a glowing drain.
  1611 | Sewer    | Entered a sewer
  1666 | Sewer    | Reached skill level 6 in Crossbows
  1843 | Sewer    | Noticed a drowned soul
  1845 | Sewer    | Noticed a drowned soul
  1846 | Sewer    | Noticed a drowned soul
  1846 | Sewer    | Killed a drowned soul
  1848 | Sewer    | Killed a drowned soul
  1850 | Sewer    | Noticed a drowned soul
  1850 | Sewer    | Noticed a drowned soul
  1850 | Sewer    | Killed a drowned soul
  1851 | Sewer    | Noticed a drowned soul
  1851 | Sewer    | Noticed a drowned soul
  1964 | Sewer    | Noticed a drowned soul
  1965 | Sewer    | Noticed a drowned soul
  1965 | Sewer    | Killed a drowned soul
  1966 | Sewer    | Reached XP level 6. HP: 38/44 MP: 6/6
  2167 | D:3      | Reached skill level 7 in Crossbows
  2515 | D:3      | Found an iron altar of Okawaru.
  2548 | D:3      | Became a worshipper of Warmaster Okawaru
  2577 | D:3      | Reached XP level 7. HP: 50/50 MP: 7/7
  2619 | D:3      | Found a blossoming altar of Fedhas.
  2784 | D:4      | Noticed Sigmund
  2832 | D:4      | Killed Sigmund
  2832 | D:4      | Reached skill level 8 in Crossbows
  2997 | D:4      | Noticed braks' ghost (average DrIE)
  3120 | D:4      | Found a staircase to the Ecumenical Temple.
  3521 | D:4      | Reached XP level 8. HP: 57/57 MP: 8/8
  3613 | D:4      | Found an ancient bone altar of Kikubaaqudgha.
  3629 | D:4      | Got a jewelled rapier
  3630 | D:4      | Identified the +3 rapier "Noutidd" {drain, rF+} (You found it on level 4 of the Dungeon)
  3678 | D:4      | Found Wesemuet's Antique Armour Emporium.
  3962 | D:5      | Entered Level 5 of the Dungeon
  4162 | D:5      | Acquired Okawaru's first power
  4477 | D:5      | Reached skill level 9 in Crossbows
  4834 | D:6      | Found a shattered altar of Ashenzari.
  4972 | D:6      | Found a bloodstained altar of Trog.
  5366 | D:6      | Reached XP level 9. HP: 40/65 MP: 9/9
  5758 | D:6      | Reached skill level 5 in Dodging
  5775 | D:6      | Reached skill level 10 in Crossbows
  6060 | D:6      | Reached skill level 5 in Fighting
  6504 | D:7      | Reached skill level 1 in Armour
  6852 | D:7      | Found a flagged portal.
  6864 | Bailey   | Entered a bailey
  7140 | Bailey   | Reached XP level 10. HP: 57/76 MP: 10/10
  7925 | Bailey   | Reached skill level 11 in Crossbows
  8486 | Bailey   | Noticed an orc knight
  8556 | Bailey   | Killed an orc knight
  8686 | Bailey   | Found a roughly hewn altar of Beogh.
  9508 | D:8      | Noticed Johnny's ghost (experienced HuHu)
  9821 | D:8      | Got a fine falchion
 10700 | D:4      | Bought a pair of scorched boots for 304 gold pieces
 10705 | D:4      | Identified the +2 pair of boots "Xoti" {rPois} (You bought it in a shop on level 4 of the Dungeon)
 11267 | D:8      | Killed Johnny's ghost
 11267 | D:8      | Reached XP level 11. HP: 68/84 MP: 9/11
 11339 | D:8      | Reached skill level 12 in Crossbows
 11962 | D:9      | Found a staircase to the Orcish Mines.
 12109 | D:9      | Received a gift from Okawaru
 12306 | D:9      | Identified the +5 falchion "Rivoq" {pain, rPois} (You found it on level 8 of the Dungeon)
 12994 | D:10     | Entered Level 10 of the Dungeon
 13080 | D:10     | Reached skill level 5 in Armour
 13141 | D:10     | Received a gift from Okawaru
 13297 | D:10     | Found a staircase to the Lair.
 13345 | Lair:1   | Entered Level 1 of the Lair of Beasts
 13966 | Lair:1   | Noticed a seven-headed hydra
 14240 | Lair:1   | Noticed an eight-headed hydra
 14497 | Lair:1   | Killed a seven-headed hydra
 14497 | Lair:1   | Received a gift from Okawaru
 14591 | Lair:2   | Reached skill level 13 in Crossbows
 14865 | Lair:3   | Received a gift from Okawaru
 15043 | Lair:3   | Reached XP level 12. HP: 28/93 MP: 12/12
 15382 | Lair:3   | Noticed a seven-headed hydra
 15574 | Lair:2   | Acquired Okawaru's second power
 16017 | D:10     | Received a gift from Okawaru
 16397 | Orc:1    | Entered Level 1 of the Orcish Mines
 16397 | Orc:1    | Noticed Blork the orc
 16425 | D:9      | Killed Blork the orc
 16879 | Orc:1    | Paralysed by an orc sorcerer for 5 turns
 17013 | Orc:1    | Received a gift from Okawaru
 17013 | Orc:1    | Reached skill level 14 in Crossbows
 17582 | Orc:1    | Found a shimmering altar of Xom.
 17967 | Orc:2    | Found an iron altar of Okawaru.
 17975 | Orc:2    | Noticed Eustachio
 17990 | Orc:2    | Killed Eustachio
 18006 | Orc:2    | Found a dark tunnel.
 18015 | Volcano  | Entered a volcano
 18159 | Volcano  | Found a radiant altar of Vehumet.
 19061 | Orc:2    | Received a gift from Okawaru
 19508 | Orc:3    | Reached skill level 10 in Dodging
 20001 | Orc:3    | Reached XP level 13. HP: 63/99 MP: 13/13
 20490 | Orc:3    | Found a staircase to the Elven Halls.
 20661 | Orc:4    | Entered Level 4 of the Orcish Mines
 20661 | Orc:4    | Found Koemn's Antique Weapon Shop.
 20661 | Orc:4    | Noticed an orc warlord
 21158 | Orc:4    | Found Gadwu's Jewellery Emporium.
 21395 | Orc:3    | Reached skill level 15 in Crossbows
 22002 | Orc:4    | Received a gift from Okawaru
 22076 | Orc:4    | Paralysed by an orc sorcerer for 2 turns
 22886 | Orc:3    | Received a gift from Okawaru
 23063 | Orc:3    | Noticed a stone giant
 23082 | Orc:3    | Killed a stone giant
 23367 | Orc:4    | Found Kaxummo's General Store.
 23393 | Orc:4    | Bought 2 potions of curing for 84 gold pieces
 23393 | Orc:4    | Bought a potion of curing for 42 gold pieces
 23405 | Orc:4    | Received a gift from Okawaru
 23520 | Orc:4    | Found Truel's Antique Armour Shop.
 23845 | Orc:4    | Bought the ring "Boarph" {+Rage rElec rC+ SInv} for 653 gold pieces
 23845 | Orc:4    | Bought the ring of Pisoisif {MR++ MP+9} for 495 gold pieces
 23891 | Orc:4    | Bought a warped leather armour for 203 gold pieces
 23903 | Orc:4    | Identified the cursed -5 leather armour of Amorality {Int+4 Dex+3} (You bought it in a shop on level 4 of the Orcish Mines)
 24429 | D:4      | Bought a pair of gloves for 144 gold pieces
 24875 | Lair:1   | Killed an eight-headed hydra
 25571 | Lair:3   | Found a staircase to the Snake Pit.
 25611 | Lair:3   | Noticed a naga warrior
 25623 | Lair:3   | Killed a naga warrior
 25759 | Lair:3   | Killed a seven-headed hydra
 26159 | Lair:3   | Reached XP level 14. HP: 109/109 MP: 14/14
 26199 | Lair:3   | Received a gift from Okawaru
 26341 | Lair:3   | Noticed a seven-headed hydra
 26349 | Lair:3   | Killed a seven-headed hydra
 26646 | Lair:3   | Reached skill level 16 in Crossbows
 26749 | Lair:3   | Reached skill level 10 in Fighting
 27988 | Lair:5   | Received a gift from Okawaru
 27998 | Lair:5   | Noticed Rupert
 28029 | Lair:5   | Killed Rupert
 28482 | Lair:5   | Found a staircase to the Swamp.
 28484 | Lair:5   | Got a brightly glowing leather armour
 28572 | Lair:5   | Identified the +6 leather armour of the Griffon {Int+2} (You found it on level 5 of the Lair of Beasts)
 28938 | Lair:5   | Learned a level 1 spell: Apportation
 28940 | Lair:5   | Learned a level 1 spell: Corona
 28944 | Lair:5   | Got an encrusted scale mail
 28955 | Lair:5   | Identified the cursed -1 scale mail of Pessimism {rF++ Slay+3} (You found it on level 5 of the Lair of Beasts)
 29804 | Lair:6   | Received a gift from Okawaru
 30569 | Lair:7   | Reached XP level 15. HP: 117/117 MP: 15/15
 30789 | Lair:7   | Found a staircase to the Slime Pits.
 30789 | Lair:7   | Found a viscous altar of Jiyva.
 31413 | Lair:8   | Entered Level 8 of the Lair of Beasts
 31507 | Lair:8   | Found a labyrinth entrance.
 31516 | Lab      | Entered a labyrinth
 32283 | Lab      | Reached skill level 1 in Evocations
 32302 | Lab      | Identified the Compendium of Shifting Clay
 32310 | Lab      | Identified the Handbook of Enchantment
 32458 | Lair:8   | Reached skill level 10 in Armour
 32466 | Lair:8   | Received a gift from Okawaru
 32993 | Lair:8   | Received a gift from Okawaru
 34145 | Lair:8   | Reached skill level 17 in Crossbows
 34686 | Lair:8   | Learned a level 6 spell: Iron Shot
 34690 | Lair:8   | Learned a level 3 spell: Passwall
 34693 | Lair:8   | Learned a level 2 spell: Stoneskin
 34808 | Lair:4   | Reached XP level 16. HP: 109/127 MP: 22/22
 35057 | Swamp:1  | Entered Level 1 of the Swamp
 35371 | Swamp:1  | Got a twisted war axe
 35832 | Swamp:2  | Received a gift from Okawaru
 36417 | Swamp:2  | Reached skill level 5 in Evocations
 37477 | Swamp:3  | You fall through a shaft!
 37477 | Swamp:4  | Noticed a tentacled monstrosity
 37488 | Swamp:4  | Killed a tentacled monstrosity
 38161 | Swamp:4  | Noticed a tentacled monstrosity
 38168 | Swamp:4  | Killed a tentacled monstrosity
 38312 | Swamp:4  | Noticed a thorn hunter
 38320 | Swamp:4  | Killed a thorn hunter
 38781 | Swamp:4  | Got an opal-encrusted ring mail
 38792 | Swamp:4  | Identified the +0 ring mail of Cheibriados' Approval {+Blink} (You found it on level 4 of the Swamp)
 39297 | Swamp:5  | Entered Level 5 of the Swamp
 39373 | Swamp:5  | Received a gift from Okawaru
 39402 | Swamp:5  | Reached XP level 17. HP: 127/135 MP: 25/25
 39449 | Swamp:5  | Noticed Agnes
 39459 | Swamp:5  | Killed Agnes
 39681 | Swamp:5  | Noticed Frances
 39755 | Swamp:5  | Killed Frances
 39760 | Swamp:5  | Received a gift from Okawaru
 39834 | Swamp:5  | Noticed a thorn hunter
 39839 | Swamp:5  | Killed a thorn hunter
 40280 | Swamp:5  | Learned a level 2 spell: Sublimation of Blood
 40336 | Swamp:5  | Received a gift from Okawaru
 40471 | Swamp:5  | Got a decaying rune of Zot
 40588 | Swamp:5  | Noticed Wiglaf
 40605 | Swamp:5  | Killed Wiglaf
 42090 | Snake:1  | Entered Level 1 of the Snake Pit
 42119 | Snake:1  | Noticed Azrael
 42130 | Snake:1  | Killed Azrael
 42137 | Snake:1  | Found a bloodstained altar of Trog.
 42361 | Snake:1  | Reached skill level 15 in Dodging
 42655 | Snake:2  | Received a gift from Okawaru
 42679 | Snake:2  | Found a frozen archway.
 42704 | Snake:2  | Noticed Donald
 42719 | IceCv    | Entered an ice cave
 43230 | IceCv    | Noticed trelanon's ghost (powerful GrIE)
 43250 | IceCv    | Killed trelanon's ghost
 43297 | IceCv    | Reached XP level 18. HP: 133/143 MP: 28/28
 43514 | IceCv    | Noticed an Ice Fiend
 44417 | Snake:2  | Killed Donald
 44510 | Snake:2  | Noticed Asterion
 44903 | Snake:2  | Received a gift from Okawaru
 45007 | Snake:2  | Killed Asterion
 45135 | Snake:2  | Received a gift from Okawaru
 45446 | Snake:2  | Noticed Nikola
 45987 | Snake:3  | Noticed Jorgrun
 46024 | Snake:3  | Killed Jorgrun
 46024 | Snake:3  | Received a gift from Okawaru
 46312 | Snake:3  | Upgraded the game from 0.16-a0-3178-g2c88c44 to 0.16-a0-3192-g4847bf6
 46322 | Snake:3  | Noticed Kirke
 46337 | Snake:3  | Killed Kirke
 46378 | Snake:3  | Received a gift from Okawaru
 46929 | Snake:2  | Killed Nikola
 47458 | Snake:4  | Received a gift from Okawaru
 47808 | Snake:4  | Noticed Aizul
 47822 | Snake:4  | Killed Aizul
 48034 | Snake:4  | Reached skill level 18 in Crossbows
 48119 | Snake:4  | Reached XP level 19. HP: 128/151 MP: 30/30
 48430 | Snake:4  | Learned a level 5 spell: Phase Shift
 48642 | Snake:5  | Entered Level 5 of the Snake Pit
 49471 | Snake:5  | Received a gift from Okawaru
 50161 | Snake:5  | Reached skill level 15 in Armour
 50173 | Snake:5  | Got a serpentine rune of Zot
 50364 | Snake:5  | Received a gift from Okawaru
 50694 | Snake:5  | Reached XP level 20. HP: 160/160 MP: 32/32
 50731 | Snake:5  | Found a glowing golden altar of the Shining One.
 50911 | Snake:5  | Reached skill level 10 in Evocations
 51277 | D:11     | Received a gift from Okawaru
 51617 | D:11     | Found a roughly hewn altar of Beogh.
 52218 | D:12     | Noticed Fannar
 52227 | D:12     | Killed Fannar
 53810 | D:14     | Received a gift from Okawaru
 54172 | D:14     | Found a gate to the Vaults.
 54236 | D:14     | Received a gift from Okawaru
 54429 | D:14     | Reached skill level 15 in Fighting
 55335 | Vaults:1 | Entered Level 1 of the Vaults
 55343 | Vaults:1 | Received a gift from Okawaru
 56375 | Vaults:1 | Received a gift from Okawaru
 56654 | Vaults:1 | Found Doizoc's Magic Scroll Shop.
 56691 | Vaults:1 | Bought a scroll of blinking for 90 gold pieces
 56691 | Vaults:1 | Bought a scroll of fog for 24 gold pieces
 56691 | Vaults:1 | Bought a scroll of fog for 24 gold pieces
 56691 | Vaults:1 | Bought a scroll of fear for 42 gold pieces
 56691 | Vaults:1 | Bought a scroll of recharging for 114 gold pieces
 56691 | Vaults:1 | Bought a scroll of identify for 24 gold pieces
 56691 | Vaults:1 | Bought a scroll of identify for 24 gold pieces
 56691 | Vaults:1 | Bought a scroll of teleportation for 36 gold pieces
 57815 | Vaults:1 | Received a gift from Okawaru
 57919 | Vaults:1 | Reached XP level 21. HP: 169/169 MP: 33/33
 57996 | Vaults:1 | Received a gift from Okawaru
 58666 | Vaults:2 | Received a gift from Okawaru
 58887 | Vaults:2 | Found Kamouf's Food Shoppe.
 59242 | Vaults:2 | Found a staircase to the Crypt.
 59242 | Vaults:2 | Found a basalt altar of Yredelemnul.
 59243 | Vaults:2 | Found an ancient bone altar of Kikubaaqudgha.
 60077 | Vaults:2 | Received a gift from Okawaru
 61030 | Vaults:2 | Received a gift from Okawaru
 61603 | Vaults:3 | Found a staircase to the Crypt.
 61727 | Vaults:3 | Received a gift from Okawaru
 62803 | Vaults:3 | Reached XP level 22. HP: 93/178 MP: 34/34
 64692 | Vaults:3 | Received a gift from Okawaru
 64772 | Vaults:3 | Reached skill level 19 in Crossbows
 64774 | Vaults:3 | Received a gift from Okawaru
 66192 | Vaults:4 | Noticed Johnny's ghost (mighty HuHu)
 66283 | Vaults:4 | DAMN I'M GOOD
 66657 | Vaults:4 | Killed Johnny's ghost
 67474 | Vaults:4 | Received a gift from Okawaru
 67484 | Vaults:4 | Reached XP level 23. HP: 187/187 MP: 35/35
 67501 | Vaults:4 | Got a blackened arbalest {god gift}
 67502 | Vaults:4 | Identified the +2 arbalest "Impslayer" {elec, Str+3 Dex+2} (Okawaru gifted it to you on level 4 of the Vaults)
 68317 | Orc:2    | Killed an orc warlord
 68378 | Elf:1    | Entered Level 1 of the Elven Halls
 69206 | Elf:1    | Found Izuasm's Assorted Antiques.
 69427 | Elf:1    | Identified the Volume of Illusion (You found it on level 1 of the Elven Halls)
 70286 | Elf:2    | Found a huge runed gate.
 70286 | Elf:2    | Found a huge runed gate.
 70287 | Elf:2    | Found a huge runed gate.
 70287 | Elf:2    | Found a huge runed gate.
 70288 | Elf:2    | Found a huge runed gate.
 70513 | Elf:2    | Reached skill level 1 in Necromancy
 70562 | Elf:2    | Reached skill level 1 in Transmutations
 70600 | Elf:2    | Received a gift from Okawaru
 71562 | Elf:2    | Noticed Nessos
 71565 | Elf:2    | Killed Nessos
 71832 | Elf:3    | Entered Level 3 of the Elven Halls
 73038 | Elf:3    | Reached XP level 24. HP: 173/197 MP: 36/36
 73767 | Elf:3    | Got a warped turquoise ring
 73770 | Elf:3    | Identified the ring "Taubosk" {SustAb Int+4} (You took it off a deep elf sorcerer on level 3 of the Elven Halls)
 73856 | Elf:3    | Identified the Catalogue of Spatial Calling (You found it on level 3 of the Elven Halls)
 73868 | Elf:3    | Identified Sif Muna's Reference Book on Beguiling (You found it on level 3 of the Elven Halls)
 73958 | Elf:3    | Learned a level 3 spell: Regeneration
 73990 | Elf:3    | Got a bloodstained chain mail
 74001 | Elf:3    | Identified the +4 chain mail "Xilac" {+Inv} (You took it off a deep elf blademaster on level 3 of the Elven Halls)
 74038 | Elf:3    | Got a slimy ring mail
 74050 | Elf:3    | Identified the +3 ring mail "Xudghy" {Int+3 Dex+4} (You took it off a deep elf master archer on level 3 of the Elven Halls)
 74464 | D:15     | Entered Level 15 of the Dungeon
 74700 | D:15     | Found a shimmering altar of Xom.
 74700 | D:15     | Found a shimmering altar of Xom.
 74701 | D:15     | Found a shimmering altar of Xom.
 74863 | D:15     | Noticed Erica
 74868 | D:15     | Killed Erica
 75139 | D:15     | Found a staircase to the Depths.
 75423 | D:15     | Found a shimmering altar of Xom.
 75513 | Depths:1 | Entered Level 1 of the Depths
 75596 | Depths:1 | Received a gift from Okawaru
 75712 | Depths:1 | Found a gateway to Hell.
 75797 | Depths:1 | Found Roasyvyo's One-of-a-Kind Books.
 75833 | Depths:1 | Received a gift from Okawaru
 75837 | Depths:1 | Got a warped arbalest {god gift}
 75838 | Depths:1 | Identified the +6 arbalest "Pranlug" {flame, Contam Int+1} (Okawaru gifted it to you on level 1 of the Depths)
 75848 | Depths:1 | Found a magical portal.
 75856 | WizLab   | Entered The Hall of Epnel the Hellbinder
 76943 | WizLab   | Found a burning altar of Makhleb.
 76996 | WizLab   | Identified the Handbook of Calling
 77002 | WizLab   | Identified the Reference Book on the Entourage
 77289 | Depths:1 | Reached skill level 1 in Charms
 78135 | Depths:1 | Gained mutation: Your spells are a little easier to cast, but a little less powerful. [a shining eye]
 78187 | Depths:1 | Got a faintly glowing scale mail
 78198 | Depths:1 | Identified the cursed -2 scale mail of Honesty {Int+2 Dex+3} (You found it on level 1 of the Depths)
 78272 | Depths:1 | Received a gift from Okawaru
 79545 | Depths:1 | Received a gift from Okawaru
 79569 | Depths:2 | Reached XP level 25. HP: 155/205 MP: 37/37
 79871 | Depths:2 | Reached skill level 1 in Invocations
 80095 | Depths:2 | Reached skill level 5 in Necromancy
 80112 | Depths:2 | Found a gateway to a ziggurat.
 80280 | Depths:2 | Received a gift from Okawaru
 80291 | Depths:2 | Reached skill level 20 in Dodging
 80308 | Depths:2 | Identified a +2 pair of boots of running (Okawaru gifted it to you on level 2 of the Depths)
 80382 | Depths:2 | Reached skill level 5 in Transmutations
 82650 | Depths:3 | Found a one-way gate leading to the halls of Pandemonium.
 84142 | Depths:3 | Received a gift from Okawaru
 84275 | Depths:3 | Got a dazzling ring mail
 84286 | Depths:3 | Identified the cursed -1 ring mail of Death Resistance {Int+2 Dex+4} (You found it on level 3 of the Depths)
 84392 | Depths:2 | Reached skill level 5 in Charms
 84523 | Depths:3 | Reached XP level 26. HP: 168/213 MP: 38/38
 84752 | Depths:3 | Received a gift from Okawaru
 84878 | Depths:3 | Gained mutation: Your magical capacity is low (-10% MP). [a shining eye]
 85635 | Depths:4 | Identified a scroll of acquirement
 86479 | Depths:4 | Found a one-way gate to the infinite horrors of the Abyss.
 87031 | Depths:4 | Got a warped cloak
 87042 | Depths:4 | Identified the +0 cloak of Freedom {Str-5 Int-5} (You acquired it on level 4 of the Depths)
 87804 | Depths:4 | Gained mutation: You heal slowly when monsters are visible. [a cacodemon]
 87926 | Depths:4 | Gained mutation: You tend to lose your temper in combat. [a cacodemon]
 88074 | Depths:5 | Entered Level 5 of the Depths
 88333 | Depths:5 | Received a gift from Okawaru
 88673 | Depths:5 | Found a gate to the Realm of Zot.
 88768 | Depths:5 | Found a basalt altar of Yredelemnul.
 88769 | Depths:5 | Found a snail-covered altar of Cheibriados.
 88769 | Depths:5 | Found a deep blue altar of Sif Muna.
 88815 | Depths:5 | Received a gift from Okawaru
 88848 | Depths:5 | Reached XP level 27. HP: 125/222 MP: 35/35
 88911 | Depths:5 | Received a gift from Okawaru
 89526 | Depths:5 | Received a gift from Okawaru
 89533 | Depths:5 | Reached skill level 21 in Dodging
 89627 | Depths:5 | Received a gift from Okawaru
 90666 | Lair:7   | Received a gift from Okawaru
 90709 | Slime:1  | Entered Level 1 of the Pits of Slime
 91985 | Slime:3  | Reached skill level 1 in Spellcasting
 91990 | Slime:3  | Received a gift from Okawaru
 92044 | Slime:3  | Lost mutation: Your spells are a little easier to cast, but a little less powerful. [potion of cure mutation]
 92044 | Slime:3  | Lost mutation: You tend to lose your temper in combat. [potion of cure mutation]
 92357 | Slime:2  | Gained mutation: You occasionally shout uncontrollably at your foes. [a shining eye]
 92358 | Slime:2  | Gained mutation: You evolve. [a shining eye]
 92410 | Slime:2  | Received a gift from Okawaru
 92454 | Slime:1  | Lost mutation: Your magical capacity is low (-10% MP). [potion of cure mutation]
 92454 | Slime:1  | Lost mutation: You occasionally shout uncontrollably at your foes. [potion of cure mutation]
 92570 | Lair:4   | Gained mutation: Your spells are a little easier to cast, but a little less powerful. [evolution]
 92753 | Orc:4    | Bought an uncursed amulet of resist mutation for 560 gold pieces
 94086 | Slime:4  | Gained mutation: You occasionally shout uncontrollably at your foes. [a shining eye]
 94514 | Slime:5  | Received a gift from Okawaru
 94643 | Slime:6  | Entered Level 6 of the Pits of Slime
 94991 | Slime:6  | Received a gift from Okawaru
 94991 | Slime:6  | Reached skill level 10 in Necromancy
 95360 | Slime:6  | Noticed the royal jelly
 95360 | Slime:6  | Reached skill level 10 in Transmutations
 95382 | Slime:6  | your royal jelly (ally) was killed
 95382 | Slime:6  | Your ally died
 95384 | Slime:6  | Killed the royal jelly
 95975 | Slime:6  | Got a slimy rune of Zot
 96036 | Slime:6  | Learned a level 2 spell: Blink
 96054 | Slime:6  | Got a wavering granite ring
 96056 | Slime:6  | Identified the ring "Vix Joupp" {rPois MR+} (You found it on level 6 of the Pits of Slime)
 97458 | Vaults:5 | Entered Level 5 of the Vaults
 97471 | Vaults:4 | Received a gift from Okawaru
 97739 | Vaults:4 | Reached skill level 1 in Translocations
 98352 | Vaults:4 | Cast into the Abyss (a deep elf sorcerer)
 98366 | Abyss:1  | Found a corrupted altar of Lugonu.
 98952 | Abyss:3  | Received a gift from Okawaru
 99501 | Vaults:4 | Escaped the Abyss
100038 | Vaults:5 | Received a gift from Okawaru
100111 | Vaults:5 | Reached skill level 5 in Translocations
100202 | Vaults:5 | Reached skill level 5 in Spellcasting
100606 | Vaults:5 | Received a gift from Okawaru
100644 | Vaults:5 | Got a vibrating ruby amulet
100942 | Vaults:5 | Identified the amulet "Khiosoot" {+Blink +Rage +Inv} (You took it off a vault warden on level 5 of the Vaults)
101089 | Vaults:5 | Identified the Handbook of Curses (You found it on level 5 of the Vaults)
101160 | Vaults:5 | Got a silver rune of Zot
101901 | Crypt:1  | Entered Level 1 of the Crypt
102048 | Crypt:1  | Paralysed by a vampire knight for 4 turns
102641 | Crypt:2  | Reached skill level 22 in Crossbows
102657 | Crypt:2  | Received a gift from Okawaru
102888 | Crypt:2  | Found an ancient bone altar of Kikubaaqudgha.
102932 | Crypt:2  | Noticed Boris
102946 | Crypt:2  | Killed Boris
103444 | Crypt:3  | Entered Level 3 of the Crypt
103634 | Crypt:3  | Received a gift from Okawaru
103637 | Crypt:3  | Got a pair of translucent boots {god gift}
103638 | Crypt:3  | Identified the +1 pair of boots "Kliedd" {Str+2} (Okawaru gifted it to you on level 3 of the Crypt)
104161 | Crypt:3  | Found an ancient bone altar of Kikubaaqudgha.
104163 | Crypt:3  | Noticed an ancient lich
104638 | Vaults:1 | Bought a scroll of remove curse for 36 gold pieces
104638 | Vaults:1 | Bought a scroll of amnesia for 42 gold pieces
104638 | Vaults:1 | Bought a scroll of holy word for 90 gold pieces
104881 | Lair:1   | Learned a level 5 spell: Dispel Undead
105357 | Crypt:3  | Got a brightly glowing bronze ring
105357 | Crypt:3  | Got a scintillating sapphire amulet
105357 | Crypt:3  | Got a bound brass ring
105359 | Crypt:3  | Identified the ring "Ketolyig" {rN+ Str+5 Dex-2} (You found it on level 3 of the Crypt)
105360 | Crypt:3  | Identified the amulet of Brifaus {Ward rN+ Dex+3} (You found it on level 3 of the Crypt)
105361 | Crypt:3  | Identified the ring of Majeuxishra {rN+ Dex+2 Stlth--} (You found it on level 3 of the Crypt)
105553 | Crypt:3  | Found a staircase to the Tomb.
105900 | Crypt:3  | Got an opal-encrusted ring mail
105911 | Crypt:3  | Identified the cursed -1 ring mail of Xom's Displeasure {+Fly rElec rPois} (You found it on level 3 of the Crypt)
106152 | Crypt:3  | Killed an ancient lich
106658 | Crypt:3  | Noticed an ancient lich
106672 | Crypt:3  | Killed an ancient lich
106759 | Crypt:3  | Learned a level 8 spell: Necromutation
107622 | Depths:5 | Reached skill level 15 in Transmutations
107707 | Depths:5 | Received a gift from Okawaru
107736 | Depths:5 | Reached skill level 15 in Necromancy
107833 | Depths:5 | Received a gift from Okawaru
107961 | Depths:5 | Got a heavily runed helmet
107972 | Depths:5 | Identified the cursed +2 helmet "Nuihu" {Str+1 Dex+1} (You found it on level 5 of the Depths)
108114 | Depths:5 | Received a gift from Okawaru
108165 | Depths:5 | Got a brightly glowing leather armour {god gift}
108176 | Depths:5 | Identified the -5 leather armour of Bobiosk {Str+4 Dex+5} (Okawaru gifted it to you on level 5 of the Depths)
108252 | Zot:1    | Entered Level 1 of the Realm of Zot
108877 | Zot:1    | Learned a level 8 spell: Borgnjor's Revivification
109634 | Zot:2    | Got a steaming robe
109642 | Zot:2    | Identified the +1 robe "Nopur" {Int-3 Dex+1} (You found it on level 2 of the Realm of Zot)
109850 | Zot:2    | Received a gift from Okawaru
110981 | Zot:3    | Noticed an orb of fire
111011 | Zot:3    | Gained mutation: Your body is slowly deteriorating. [an orb of fire]
111017 | Zot:3    | Killed an orb of fire
111178 | Zot:3    | Received a gift from Okawaru
111365 | Zot:3    | Received a gift from Okawaru
111799 | Zot:4    | Received a gift from Okawaru
113004 | Zot:5    | Entered Level 5 of the Realm of Zot
113084 | Zot:5    | Noticed an orb of fire
113628 | Zot:5    | Noticed an orb of fire
113629 | Zot:5    | Gained mutation: Your magical capacity is low (-10% MP). [an orb of fire]
114023 | Zot:4    | Gained mutation: You can breathe flames. [evolution]
114295 | Zot:5    | Received a gift from Okawaru
114326 | Zot:5    | Noticed an orb of fire
114702 | Depths:4 | Voluntarily entered the Abyss.
114702 | Abyss:1  | Found a corrupted altar of Lugonu.
114736 | Abyss:1  | Found a corrupted altar of Lugonu.
116235 | Abyss:2  | Paralysed by accursed screaming for 1 turns
116243 | Abyss:2  | Paralysed by accursed screaming for 1 turns
116881 | Abyss:3  | Found a shimmering altar of Xom.
117451 | Abyss:3  | Paralysed by accursed screaming for 1 turns
117982 | Abyss:3  | Gained mutation: You expend magic power (6 MP) to slightly strengthen your wands. [mutagenic glow]
118054 | Abyss:3  | Found a corrupted altar of Lugonu.
118218 | Abyss:4  | Found a corrupted altar of Lugonu.
118282 | Abyss:4  | Found a glowing golden altar of the Shining One.
118492 | Abyss:4  | Received a gift from Okawaru
118809 | Abyss:4  | Noticed an ancient lich
118817 | Abyss:4  | Killed an ancient lich
118880 | Abyss:4  | Received a gift from Okawaru
118897 | Abyss:4  | Gained mutation: Your magical capacity is very low (-20% MP). [mutagenic glow]
118937 | Abyss:4  | Gained mutation: Your magical capacity is extremely low (-30% MP). [mutagenic glow]
118980 | Abyss:4  | Gained mutation: You expend magic power (12 MP) to strengthen your wands. [mutagenic glow]
119210 | Abyss:4  | Paralysed by accursed screaming for 1 turns
119218 | Abyss:4  | Paralysed by accursed screaming for 1 turns
119223 | Abyss:4  | Noticed an ancient lich
119307 | Depths:4 | Escaped the Abyss
119515 | Depths:3 | Received a gift from Okawaru
119570 | Zig:1    | Entered Level 1 of a ziggurat
119643 | Zig:2    | Entered Level 2 of a ziggurat
119679 | Zig:3    | Entered Level 3 of a ziggurat
119725 | Zig:3    | Got a dull robe
119727 | Zig:3    | Identified the +0 robe of Wonder {+Rage rC+} (You found it on level 3 of a ziggurat)
119740 | Zig:4    | Entered Level 4 of a ziggurat
119785 | Zig:4    | Identified the Compendium of Conjuration and Toxins (You found it on level 4 of a ziggurat)
119802 | Zig:5    | Entered Level 5 of a ziggurat
119825 | Zig:5    | Received a gift from Okawaru
119878 | Zig:5    | Got a steaming cloak
119894 | Zig:5    | Identified the +0 cloak of Pnil Imu {Int-1 Dex+1} (You found it on level 5 of a ziggurat)
119934 | Zig:6    | Entered Level 6 of a ziggurat
120021 | Zig:7    | Entered Level 7 of a ziggurat
120131 | Zig:8    | Entered Level 8 of a ziggurat
121416 | Tomb:1   | Entered Level 1 of the Tomb of the Ancients
121840 | Tomb:1   | Noticed a greater mummy
122151 | Tomb:1   | Noticed a greater mummy
122155 | Tomb:1   | Killed a greater mummy
122155 | Tomb:1   | Received a gift from Okawaru
122340 | Tomb:1   | Noticed a greater mummy
122354 | Tomb:1   | Killed a greater mummy
122563 | Tomb:1   | Received a gift from Okawaru
122670 | Tomb:2   | Noticed Sojobo
122674 | Tomb:2   | Noticed a greater mummy
122685 | Tomb:2   | Noticed a greater mummy
122688 | Tomb:2   | Noticed a greater mummy
122827 | Tomb:2   | Cast into the Abyss (the power of Zot)
122846 | Abyss:1  | Reached skill level 15 in Evocations
122963 | Abyss:1  | Found a corrupted altar of Lugonu.
122981 | Abyss:1  | Paralysed by accursed screaming for 1 turns
123175 | Abyss:1  | Noticed an ancient lich
123182 | Abyss:1  | Killed an ancient lich
123984 | Abyss:2  | Found a corrupted altar of Lugonu.
124079 | Tomb:2   | Escaped the Abyss
124107 | Tomb:2   | Killed Sojobo
124285 | Tomb:2   | Killed a greater mummy
124433 | Tomb:2   | Noticed a greater mummy
124444 | Tomb:2   | Killed a greater mummy
124530 | Tomb:1   | Noticed a greater mummy
124530 | Tomb:1   | Noticed a greater mummy
124530 | Tomb:1   | Noticed a greater mummy
124530 | Tomb:1   | Noticed a greater mummy
124532 | Tomb:1   | Noticed a greater mummy
124533 | Tomb:1   | Noticed a greater mummy
124534 | Tomb:1   | Noticed a greater mummy
124538 | Tomb:1   | Noticed a greater mummy
124554 | Tomb:1   | Noticed a greater mummy
124554 | Tomb:1   | Noticed a greater mummy
124566 | Tomb:1   | Got a fine battleaxe
124947 | Tomb:2   | Reached skill level 23 in Crossbows
125035 | Tomb:2   | Killed a greater mummy
125053 | Tomb:2   | Killed a greater mummy
125298 | Tomb:1   | Noticed a greater mummy
125298 | Tomb:1   | Noticed a greater mummy
125311 | Tomb:2   | Killed a greater mummy
125339 | Tomb:2   | Killed a greater mummy
125339 | Tomb:2   | Received a gift from Okawaru
125415 | Tomb:2   | Killed a greater mummy
125527 | Tomb:1   | Killed a greater mummy
125539 | Tomb:1   | Killed a greater mummy
125539 | Tomb:1   | Received a gift from Okawaru
125675 | Tomb:1   | Killed a greater mummy
125693 | Tomb:1   | Noticed a greater mummy
125697 | Tomb:1   | Killed a greater mummy
125710 | Tomb:1   | Killed a greater mummy
125813 | Tomb:1   | Noticed a greater mummy
125816 | Tomb:1   | Killed a greater mummy
125818 | Tomb:1   | Killed a greater mummy
126040 | Tomb:1   | Killed a greater mummy
126048 | Tomb:1   | Killed a greater mummy
126175 | Tomb:1   | Killed a greater mummy
126233 | Tomb:1   | Noticed a greater mummy
126247 | Tomb:1   | Killed a greater mummy
126284 | Tomb:1   | Noticed a greater mummy
126296 | Tomb:1   | Noticed a greater mummy
126296 | Tomb:1   | Killed a greater mummy
126297 | Tomb:1   | Noticed a greater mummy
126382 | Tomb:1   | Killed a greater mummy
126608 | Tomb:1   | Killed a greater mummy
126689 | Tomb:1   | Noticed a greater mummy
126699 | Tomb:1   | Killed a greater mummy
126710 | Tomb:1   | Noticed a greater mummy
126717 | Tomb:1   | Noticed a greater mummy
126719 | Tomb:1   | Killed a greater mummy
126736 | Tomb:1   | Killed a greater mummy
126755 | Tomb:1   | Killed a greater mummy
126755 | Tomb:1   | Received a gift from Okawaru
126922 | Tomb:1   | Lost mutation: You heal slowly when monsters are visible. [evolution]
127446 | Tomb:3   | Entered Level 3 of the Tomb of the Ancients
127527 | Tomb:3   | Noticed a greater mummy
127540 | Tomb:3   | Noticed an ancient lich
127943 | Tomb:3   | Killed an ancient lich
128198 | Tomb:3   | Killed a greater mummy
128400 | Tomb:3   | Noticed a greater mummy
128436 | Tomb:3   | Killed a greater mummy
128436 | Tomb:3   | Received a gift from Okawaru
128900 | Tomb:3   | Noticed a greater mummy
128902 | Tomb:3   | Noticed a greater mummy
128907 | Tomb:3   | Killed a greater mummy
128919 | Tomb:3   | Killed a greater mummy
128962 | Tomb:3   | Noticed an ancient lich
129268 | Tomb:3   | Killed an ancient lich
129302 | Tomb:3   | Noticed a greater mummy
129305 | Tomb:3   | Noticed a greater mummy
129309 | Tomb:3   | Killed a greater mummy
129319 | Tomb:3   | Killed a greater mummy
129319 | Tomb:3   | Received a gift from Okawaru
129527 | Tomb:3   | Identified the Reference Book on the Helpful Traveller
129530 | Tomb:3   | Identified Sif Muna's Papyrus of Transmigration and Earth
129532 | Tomb:3   | Got a pitted steel ring
129536 | Tomb:3   | Identified the ring of Modesty {MP+9 Int+5 Dex+2} (You found it on level 3 of the Tomb of the Ancients)
129564 | Tomb:3   | Identified Ikikej's Incunabulum of Transmutation and the Mountains (You found it on level 3 of the Tomb of the Ancients)
129585 | Tomb:3   | Learned a level 6 spell: Haste
129595 | Tomb:3   | Got a translucent emerald amulet
129599 | Tomb:3   | Identified the cursed amulet of Activism {Spirit rPois rF++ Int+1} (You found it on level 3 of the Tomb of the Ancients)
129879 | Tomb:3   | Identified the Catalogue of Slavery and the Mountains
129925 | Tomb:3   | Noticed Khufu
129941 | Tomb:3   | Killed Khufu
129941 | Tomb:3   | Received a gift from Okawaru
129959 | Tomb:3   | Got a golden rune of Zot
131312 | Crypt:3  | Reached skill level 10 in Charms
132119 | Vaults:2 | Bought a meat ration for 65 gold pieces
132119 | Vaults:2 | Bought a meat ration for 65 gold pieces
132119 | Vaults:2 | Bought a meat ration for 65 gold pieces
132119 | Vaults:2 | Bought a bread ration for 65 gold pieces
132425 | Orc:4    | Bought an uncursed amulet of faith for 560 gold pieces
132425 | Orc:4    | Bought the ring "Ybusosch" {Fire Slay+4} for 683 gold pieces
132488 | Orc:4    | Bought a phantom mirror for 420 gold pieces
132556 | Elf:1    | Bought a potion of restore abilities for 155 gold pieces
132556 | Elf:1    | Bought a scroll of summoning for 294 gold pieces
132901 | Pan      | Entered Pandemonium
132942 | Pan      | Noticed Faabbei the pandemonium lord
132954 | Pan      | Killed Faabbei the pandemonium lord
132962 | Pan      | Got a demonic rune of Zot
132990 | Pan      | Received a gift from Okawaru
133263 | Pan      | Received a gift from Okawaru
133275 | Pan      | Got a translucent chain mail {god gift}
133658 | Pan      | Found an exit through the horrors of the Abyss.
133917 | Pan      | Entered the realm of Lom Lobon.
134370 | Pan      | Found an exit through the horrors of the Abyss.
134781 | Pan      | Noticed Lom Lobon
134817 | Pan      | Killed Lom Lobon
134917 | Pan      | Got a magical rune of Zot
134925 | Pan      | Gained mutation: Space occasionally distorts in your vicinity. [mutagenic glow]
135414 | Pan      | Found an exit through the horrors of the Abyss.
135576 | Pan      | Got a crude leather armour
135577 | Pan      | Identified the +5 chain mail of Serendipity {Str+1 Dex+4} (Okawaru gifted it to you in Pandemonium)
135589 | Pan      | Identified the cursed -3 leather armour "Phaereut" {rC+} (You found it in Pandemonium)
135873 | Pan      | Received a gift from Okawaru
135899 | Pan      | Noticed Awi Gusu the pandemonium lord
135903 | Pan      | Cast into the Abyss (reaper)
135964 | Abyss:1  | Paralysed by accursed screaming for 1 turns
135998 | Abyss:1  | Noticed an ancient lich
136020 | Abyss:1  | Was placed under penance by Okawaru
136049 | Abyss:1  | Killed an ancient lich
136064 | Abyss:1  | Killed an ancient lich
136064 | Abyss:1  | Was forgiven by Okawaru
136064 | Abyss:1  | Reached skill level 24 in Crossbows
136301 | Abyss:1  | Received a gift from Okawaru
136715 | Abyss:2  | Found a snail-covered altar of Cheibriados.
136800 | Abyss:2  | Received a gift from Okawaru
136810 | Abyss:2  | Got a scorched helmet {god gift}
136821 | Abyss:2  | Identified the +5 helmet of Pride {rF++ rC+ Stlth+} (Okawaru gifted it to you on level 2 of the Abyss)
137177 | Pan      | Escaped the Abyss
137436 | Pan      | Killed Awi Gusu the pandemonium lord
137539 | Pan      | Found an exit through the horrors of the Abyss.
137703 | Pan      | Got a slimy leather armour
137714 | Pan      | Identified the +4 leather armour of Wailaer {+Blink Int+2 Dex+3 SInv} (You took it off a monstrous demonspawn in Pandemonium)
138043 | Pan      | Noticed Dituiphel the pandemonium lord
138052 | Pan      | Killed Dituiphel the pandemonium lord
138581 | Pan      | Upgraded the game from 0.16-a0-3192-g4847bf6 to 0.16-a0-3202-g5da3999
138652 | Pan      | Entered the realm of Cerebov.
138688 | Pan      | Reached skill level 10 in Spellcasting
139225 | Pan      | Found an exit through the horrors of the Abyss.
139414 | Pan      | Noticed Cerebov
139838 | Pan      | Killed Cerebov
139880 | Pan      | Got a scorched jade ring
139955 | Pan      | Got a brightly glowing ring mail
139966 | Pan      | Identified the +5 ring mail of the Seven Lies {rC+} (You found it in Pandemonium)
139978 | Pan      | Identified the ring "Ryimulips" {rC++ Str+3 Stlth-} (You took it off a crimson imp in Pandemonium)
140001 | Pan      | Got a steaming ring mail
140012 | Pan      | Identified the +3 ring mail of Unambiguity {rC+} (You found it in Pandemonium)
140024 | Pan      | Identified the Reference Book on Cloudy Confrontation
140050 | Pan      | Got a smoking scale mail
140061 | Pan      | Identified the +1 scale mail "Pnarep" {rF++} (You found it in Pandemonium)
140198 | Pan      | Got a vibrating wooden ring
140200 | Pan      | Identified the ring of the Sun {rElec Slay+2} (You took it off a crimson imp in Pandemonium)
140243 | Pan      | Got a fiery rune of Zot
140420 | Pan      | Received a gift from Okawaru
140559 | Pan      | Learned a level 3 spell: Flight
140765 | Pan      | Noticed Lufruolo the pandemonium lord
140807 | Pan      | Killed Lufruolo the pandemonium lord
140982 | Pan      | Found an exit through the horrors of the Abyss.
141421 | Pan      | Entered the realm of Gloorx Vloq.
141421 | Pan      | Found an exit through the horrors of the Abyss.
142230 | Pan      | Noticed Gloorx Vloq
142256 | Pan      | Was placed under penance by Okawaru
142298 | Pan      | Killed Gloorx Vloq
142687 | Pan      | Got a dark rune of Zot
142807 | Pan      | Was forgiven by Okawaru
142896 | Pan      | Entered the realm of Mnoleg.
142923 | Pan      | Found an exit through the horrors of the Abyss.
143599 | Pan      | Received a gift from Okawaru
143751 | Pan      | Lost intelligence.
143830 | Pan      | Noticed Mnoleg
143837 | Pan      | Was placed under penance by Okawaru
143854 | Pan      | Killed Mnoleg
144016 | Pan      | Got a glowing rune of Zot
144109 | Pan      | Reached skill level 15 in Charms
144169 | Pan      | Was forgiven by Okawaru
144206 | Pan      | Received a gift from Okawaru
144320 | Pan      | Received a gift from Okawaru
144383 | Pan      | Got a clouded bronze amulet
144386 | Pan      | Identified the amulet "Yliepp" {Gourm -Tele rN+} (You took it off an infernal demonspawn in Pandemonium)
144557 | Pan      | Received a gift from Okawaru
144797 | Pan      | Found an exit through the horrors of the Abyss.
144925 | Pan      | Received a gift from Okawaru
145163 | Pan      | Got a fine robe
145174 | Pan      | Identified the +2 robe of the Exiled Places {rF+ Slay+3} (You found it in Pandemonium)
145223 | Pan      | Reached skill level 25 in Crossbows
145940 | Pan      | Received a gift from Okawaru
146381 | Pan      | Found a glowing silver altar of Zin.
146424 | Pan      | Lost mutation: You evolve. [potion of cure mutation]
146424 | Pan      | Lost mutation: You expend magic power (12 MP) to strengthen your wands. [potion of cure mutation]
146424 | Pan      | Lost mutation: Your body is slowly deteriorating. [potion of cure mutation]
146529 | Pan      | Lost mutation: You occasionally shout uncontrollably at your foes. [potion of cure mutation]
146529 | Pan      | Lost mutation: Your spells are a little easier to cast, but a little less powerful. [potion of cure mutation]
146529 | Pan      | Lost mutation: You expend magic power (6 MP) to slightly strengthen your wands. [potion of cure mutation]
146529 | Pan      | Lost mutation: Space occasionally distorts in your vicinity. [potion of cure mutation]
146529 | Pan      | Lost mutation: Your magical capacity is extremely low (-30% MP). [potion of cure mutation]
146529 | Pan      | Lost mutation: You can breathe flames. [potion of cure mutation]
146752 | Pan      | Received a gift from Okawaru
146877 | Pan      | Learned a level 5 spell: Agony
147254 | Pan      | Received a gift from Okawaru
147349 | Pan      | Found a white marble altar of Elyvilon.
147481 | Pan      | Received a gift from Okawaru
147684 | Pan      | Received a gift from Okawaru
147688 | Pan      | Got a pair of pitted boots {god gift}
147708 | Pan      | Identified the +2 pair of boots of the Garden {rF++ MR++ rCorr Stlth---} (Okawaru gifted it to you in Pandemonium)
147810 | Pan      | Noticed a seraph
147835 | Pan      | Killed a seraph
147965 | Pan      | Found a glowing golden altar of the Shining One.
148062 | Depths:3 | Escaped Pandemonium
148266 | Hell     | Entered the Vestibule of Hell
148273 | Hell     | Noticed Geryon
148283 | Hell     | Noticed Murray
148679 | Hell     | Was placed under penance by Okawaru
148889 | Depths:3 | Was forgiven by Okawaru
149066 | Hell     | Killed Murray
149179 | Hell     | Killed Geryon
149189 | Hell     | Found a gateway to the Iron City of Dis.
149324 | Hell     | Found a gateway to the freezing wastes of Cocytus.
149389 | Hell     | Reached skill level 10 in Translocations
149608 | Hell     | Found a gateway to the decaying netherworld of Tartarus.
149793 | Hell     | Found a gateway to the ashen valley of Gehenna.
149845 | Hell     | Received a gift from Okawaru
150024 | Dis:1    | Entered Level 1 of the Iron City of Dis
150716 | Dis:2    | Found a burning altar of Makhleb.
151488 | Dis:6    | Received a gift from Okawaru
151847 | Depths:5 | Got a crude triple sword {god gift}
151848 | Depths:5 | Identified the +5 triple sword "Prib Huokhli" {speed, rC+ Int+3 Stlth+} (Okawaru gifted it to you on level 5 of the Depths)
151992 | Depths:3 | Got a warped battleaxe
151993 | Depths:3 | Identified the +1 battleaxe "Purghar" {venom, rC++} (You took it off a yaktaur captain on level 3 of the Depths)
152011 | Depths:2 | Got a pitted quarterstaff {freeze}
152012 | Depths:2 | Identified the +1 quarterstaff "Demonslayer" {freeze, rPois} (You took it off a tengu warrior on level 2 of the Depths)
152179 | Dis:1    | Reached skill level 1 in Long Blades
152953 | Dis:1    | Reached skill level 5 in Long Blades
153220 | Dis:1    | Received a gift from Okawaru
153719 | Dis:1    | Received a gift from Okawaru
154000 | Dis:1    | Received a gift from Okawaru
154545 | Dis:2    | Received a gift from Okawaru
154877 | Dis:2    | Received a gift from Okawaru
154884 | Dis:2    | Reached skill level 10 in Long Blades
154888 | Dis:2    | Got a fine crystal plate armour {god gift}
154907 | Dis:2    | Identified the +18 crystal plate armour of Hysteria {rC+} (Okawaru gifted it to you on level 2 of the Iron City of Dis)
156798 | Dis:4    | Reached skill level 26 in Crossbows
157616 | Dis:5    | Received a gift from Okawaru
157715 | Dis:7    | Entered Level 7 of the Iron City of Dis
157893 | Dis:7    | Received a gift from Okawaru
158346 | Dis:7    | Received a gift from Okawaru
158982 | Dis:7    | Got a brightly glowing arbalest {god gift}
158983 | Dis:7    | Identified the +0 arbalest "Reamello" {penet, Str+1} (Okawaru gifted it to you on level 7 of the Iron City of Dis)
159846 | Dis:7    | Received a gift from Okawaru
160723 | Dis:7    | Received a gift from Okawaru
160782 | Dis:7    | Reached skill level 15 in Long Blades
161264 | Dis:7    | Noticed Dispater
161330 | Dis:7    | Killed Dispater
161472 | Dis:7    | Got an iron rune of Zot
161574 | Dis:7    | Received a gift from Okawaru
161694 | Dis:7    | Received a gift from Okawaru
161962 | Tar:1    | Entered Level 1 of Tartarus
162809 | Tar:4    | Received a gift from Okawaru
162852 | Tar:4    | Got a jewelled arbalest {god gift}
162853 | Tar:4    | Identified the -1 arbalest of Flawed Execution {freeze, rF+ Str+4 Int-1} (Okawaru gifted it to you on level 4 of Tartarus)
163316 | Tar:7    | Entered Level 7 of Tartarus
163509 | Tar:7    | Received a gift from Okawaru
164174 | Tar:7    | Reached skill level 27 in Crossbows
164391 | Tar:7    | Got a translucent bronze ring
164396 | Tar:7    | Got a spiked ring mail
164408 | Tar:7    | Identified the +3 ring mail of the Marlin {rCorr} (You found it on level 7 of Tartarus)
164420 | Tar:7    | Identified the ring "Thufiwo" {SustAb Slay-2} (You found it on level 7 of Tartarus)
164438 | Tar:7    | Identified the Catalogue of Noxious Displacement (You found it on level 7 of Tartarus)
164471 | Tar:7    | Cast into the Abyss (skeletal warrior)
164553 | Abyss:2  | Paralysed by you for 7 turns
164632 | Abyss:2  | Found a roughly hewn altar of Beogh.
164899 | Abyss:2  | Found a corrupted altar of Lugonu.
164961 | Abyss:2  | Found a corrupted altar of Lugonu.
165046 | Abyss:3  | Got a slimy scale mail
165482 | Abyss:3  | Found a corrupted altar of Lugonu.
165917 | Abyss:3  | Got an abyssal rune of Zot
166300 | Abyss:3  | Received a gift from Okawaru
166480 | Abyss:3  | Lost mutation: Your magical capacity is very low (-20% MP). [miscasting Necromutation]
166483 | Abyss:3  | Gained mutation: You are partially covered in rough black scales (AC +4, Dex -1). [mutagenic glow]
166729 | Abyss:3  | Lost strength.
166763 | Abyss:3  | Gained mutation: Your spells are a little harder to cast, but a little more powerful. [mutagenic glow]
166795 | Abyss:3  | Gained mutation: Armour fits poorly on your strangely shaped body. [mutagenic glow]
167007 | Abyss:3  | Received a gift from Okawaru
168136 | Tar:7    | Escaped the Abyss
168795 | Tar:7    | Noticed Ereshkigal
169235 | Tar:7    | Killed Ereshkigal
169235 | Tar:7    | Received a gift from Okawaru
169311 | Tar:7    | Got a bone rune of Zot
169489 | Coc:1    | Entered Level 1 of Cocytus
170374 | Coc:7    | Entered Level 7 of Cocytus
170611 | Coc:7    | Noticed Antaeus
170715 | Coc:7    | Received a gift from Okawaru
171261 | Coc:7    | Killed Antaeus
171503 | Coc:7    | Got an icy rune of Zot
171653 | Geh:1    | Entered Level 1 of Gehenna
172389 | Geh:4    | Received a gift from Okawaru
172782 | Geh:4    | Received a gift from Okawaru
172846 | Geh:4    | Reached skill level 27 in Necromancy
173136 | Geh:7    | Entered Level 7 of Gehenna
174157 | Geh:7    | Noticed the Serpent of Hell
174198 | Geh:7    | Gained mutation: You expend magic power (6 MP) to slightly strengthen your wands. [mutagenic glow]
174687 | Geh:7    | Killed the Serpent of Hell
175191 | Geh:7    | Received a gift from Okawaru
175216 | Geh:7    | Got a polished executioner's axe {god gift}
175351 | Geh:7    | Noticed Asmodeus
175402 | Geh:7    | Killed Asmodeus
175746 | Geh:7    | Got an obsidian rune of Zot
175984 | Geh:7    | DAMN HELL
176347 | Zot:3    | Received a gift from Okawaru
176473 | Zot:5    | Killed an orb of fire
176495 | Zot:5    | Killed an orb of fire
176557 | Zot:5    | Received a gift from Okawaru
176561 | Zot:5    | Oh, thats nice
176568 | Zot:5    | Noticed an orb of fire
176620 | Zot:5    | Killed an orb of fire
176932 | Zot:5    | Reached skill level 27 in Transmutations
176950 | Zot:5    | Noticed an orb of fire
176962 | Zot:5    | Killed an orb of fire
177120 | Zot:5    | Got the Orb of Zot
177121 | Zot:5    | HAIL TO THE KING, BABY!
177435 | Depths:2 | Noticed a seraph
177509 | Depths:2 | Noticed Raf Niex the pandemonium lord
177535 | Depths:1 | Noticed Eteajaun the pandemonium lord
177791 | D:6      | Noticed Huesm the pandemonium lord
177803 | D:5      | Killed Huesm the pandemonium lord
177803 | D:5      | Received a gift from Okawaru
177821 | D:4      | Noticed Traeb the pandemonium lord
177900 | D:$      | Escaped with the Orb!

Action                   |  1- 3 |  4- 6 |  7- 9 | 10-12 | 13-15 | 16-18 | 19-21 | 22-24 | 25-27 || total
-------------------------+-------+-------+-------+-------+-------+-------+-------+-------+-------++-------
Melee: Rapier            |       |       |    71 |       |       |       |       |       |       ||    71
       Triple sword      |       |       |       |       |       |       |       |       |  7996 ||  7996
       Triple crossbow   |       |       |       |       |       |       |       |       |     3 ||     3
 Fire: Hand crossbow     |    51 |   184 |   335 |       |       |       |       |       |       ||   570
       Arbalest          |       |       |    14 |  1100 |  1307 |  1213 |   461 |       |       ||  4095
       Triple crossbow   |       |       |       |       |     4 |       |  1168 |  1568 | 11836 || 14576
 Cast: Apportation       |       |       |       |       |       |     2 |       |       |     3 ||     5
       Regeneration      |       |       |       |       |       |       |       |     1 |   783 ||   784
       Necromutation     |       |       |       |       |       |       |       |       |   594 ||   594
       Blink             |       |       |       |       |       |       |       |       |   151 ||   151
       Haste             |       |       |       |       |       |       |       |       |   139 ||   139
       Phase Shift       |       |       |       |       |       |       |       |       |   137 ||   137
       Dispel Undead     |       |       |       |       |       |       |       |       |    41 ||    41
       Flight            |       |       |       |       |       |       |       |       |    30 ||    30
       Corona            |       |       |       |       |       |       |       |       |     2 ||     2
Invok: Heroism           |       |       |       |    17 |    16 |    30 |    20 |    16 |    80 ||   179
       Finesse           |       |       |       |       |       |       |       |       |    30 ||    30
 Abil: End Transformatio |       |       |       |       |       |       |       |       |    72 ||    72
Evoke: Wand              |       |       |     3 |    11 |    14 |    15 |     4 |    19 |   129 ||   195
       Phantom mirror    |       |       |       |     1 |       |       |       |       |     4 ||     5
       Stone of tremors  |       |       |       |       |       |     1 |       |       |     9 ||    10
       Lamp of fire      |       |       |       |       |       |       |       |     1 |    40 ||    41
       Sack of spiders   |       |       |       |       |       |       |       |     2 |    25 ||    27
       Crystal ball of e |       |       |       |       |       |       |       |       |    42 ||    42
       Fan of gales      |       |       |       |       |       |       |       |       |    37 ||    37
       Phial of floods   |       |       |       |       |       |       |       |       |    37 ||    37
  Use: Scroll            |       |     2 |     5 |    10 |    31 |    15 |    24 |    18 |   111 ||   216
       Potion            |       |     1 |     2 |     5 |     1 |     6 |     4 |     9 |    91 ||   119
 Stab: Sleeping          |       |       |     3 |       |       |       |       |       |       ||     3
       Distracted        |       |       |       |       |       |       |       |       |    13 ||    13
       Paralysed         |       |       |       |       |       |       |       |       |     3 ||     3
  Eat: Chunk             |       |     5 |     4 |    15 |    37 |    25 |     6 |     5 |    29 ||   126
       Pizza             |       |       |     2 |     2 |     2 |     2 |       |     3 |     6 ||    17
       Meat ration       |       |       |     1 |     3 |       |     1 |     2 |     3 |    27 ||    37
       Royal jelly       |       |       |     1 |     1 |       |       |       |       |     5 ||     7
       Beef jerky        |       |       |       |     3 |     4 |     2 |     4 |       |    11 ||    24
       Fruit             |       |       |       |     1 |    10 |     8 |     3 |     4 |    13 ||    39
       Bread ration      |       |       |       |       |       |     2 |     4 |     7 |    27 ||    40
